 Dungeon Crawl Stone Soup version 0.27-a0-1416-g941b2bd30b (webtiles) character file.

Game seed: 2979570045459340169

68 Wyvernaa the Shield-Bearer (level 4, -2/28 HPs)
             Began as a Gargoyle Fighter on July 2, 2021.
             Slain by Sigmund (9 damage)
             ... on level 2 of the Dungeon.
             The game lasted 00:05:05 (1948 turns).

Wyvernaa the Shield-Bearer (Gargoyle Fighter)       Turns: 1948, Time: 00:05:05

Health: -2/28      AC: 10    Str: 21    XL:     4   Next: 19%
Magic:  4/4        EV:  7    Int:  8    God:
Gold:   70         SH:  9    Dex:  9    Spells: 3/3 levels left

rFire    . . .     SeeInvis .   a - +0 flail
rCold    . . .     Faith    .   c - +0 kite shield
rNeg     + . .     Spirit   .   b - +0 scale mail
rPois    ∞         Reflect  .   (no helmet)
rElec    +         Harm     .   (no cloak)
rCorr    .         Rampage  .   (no gloves)
Will     .....                  (no boots)
Stlth    ..........             (no amulet)
HPRegen  0.09/turn              (no ring)
MPRegen  0.09/turn              (no ring)

@: mighty
A: sickness immunity, AC +3, negative energy resistance 1, electricity
resistance, torment resistance 1, petrification resistance
a: no special abilities


You were on level 2 of the Dungeon.
You visited 1 branch of the dungeon, and saw 2 of its levels.

You collected 70 gold pieces.

Inventory:

Hand Weapons
 a - a +0 flail (weapon)
Armour
 b - a +0 scale mail (worn)
 c - a +0 kite shield (worn)
 g - a +0 plate armour
Scrolls
 e - a scroll of noise {unknown}
Potions
 f - a potion of curing {unknown}


   Skills:
 + Level 3.6 Fighting
 * Level 3.0 Maces & Flails
 + Level 3.6 Armour
 + Level 0.2 Dodging
 * Level 0.6 Stealth
 + Level 4.0 Shields


You had 3 spell levels left.
You didn't know any spells.
Your spell library contained the following spells:

 Spells                   Type           Power      Damage    Failure   Level
 Foxfire                  Conj/Fire      0%         2x1d4     99%         1
 Conjure Flame            Conj/Fire      0%         6-21      100%        3
 Inner Flame              Hex/Fire       0%         N/A       100%        3


Dungeon Overview and Level Annotations

Branches:
Dungeon (2/15)

Altars:

Shops:
D:2 [(

Annotations:
D:2 Sigmund


Innate Abilities, Weirdness & Mutations

You are immune to sickness and miasma.
Your stone body is resilient. (AC +3)
You are immune to poison.
You resist negative energy. (rN+)
You are resistant to electric shocks. (rElec)
You are resistant to unholy torment.
You are immune to petrification.


Message History

No target in view!
HP restored.
Items here: ( ) ††.
You now have 61 gold pieces (gained 11).
You enter the shallow water.
Moving in this stuff is going to be slow.
You enter the shallow water.
Moving in this stuff is going to be slow.
You now have 70 gold pieces (gained 9).
Found a short sword and a ring mail.
Sigmund shouts!
Sigmund mumbles some strange words.
Sigmund flickers and vanishes!
Deactivating autopickup; reactivate with Ctrl-A.
You see here a +0 short sword.
There is a strange disturbance nearby!
There is a strange disturbance nearby!
There is a strange disturbance nearby!
An endoplasm comes into view.
Found Ceweoc's Weapon Shop.
The endoplasm quivers.
Found 7 gold pieces.
A quokka comes into view.
The endoplasm jiggles.
You thump the endoplasm!
You kill the endoplasm!
Your Shields skill increases to level 4!
You thump the quokka!
You kill the quokka!
Something hits you. You block something's attack.
You feel very mighty all of a sudden. Something hits you.
You hit something. You block something's attack. Something hits you!
You miss something. Something hits you.
* * * LOW HITPOINT WARNING * * *
You miss something.
Sigmund appears from thin air!
Reactivating autopickup.
You block Sigmund's attack. Sigmund hits you with a +0 scythe!
You die...

##
.......≈≈..#######
#
...........#....##
#
............###...
# #.##..#.#####
#### # #.###.#.# #
#.# #.#.# .
#.###.#.# ##
#.##....##..#
#@#.....##..###
#.@.....##....#
###.......∩....
#........####
#.#.###..###
#r#.###..###
#.#.###### #.#$#
#....


You could see Sigmund.

Vanquished Creatures
  An adder (D:2)
  A worm (D:2)
  A dart slug (D:1)
  6 bats
  6 endoplasms
  2 goblins (D:1)
  4 hobgoblins
  8 jackals
  6 kobolds
  6 quokkas
  2 ball pythons
  2 rats (D:2)
45 creatures vanquished.

Notes
Turn   | Place    | Note
-------+----------+-------------------------------------------
     0 | D:1      | Wyvernaa the Gargoyle Fighter began the quest for the Orb.
     0 | D:1      | Reached XP level 1. HP: 14/14 MP: 1/1
   224 | D:1      | Reached XP level 2. HP: 8/19 MP: 2/2
  1136 | D:1      | Reached XP level 3. HP: 22/23 MP: 3/3
  1350 | D:1      | Found a faded altar of an unknown god.
  1537 | D:2      | Noticed Sigmund
  1638 | D:2      | Found Seomewko's Armour Shoppe.
  1761 | D:2      | Reached XP level 4. HP: 28/28 MP: 4/4
  1931 | D:2      | Found Ceweoc's Weapon Shop.
  1942 | D:2      | Reached skill level 4 in Shields
  1948 | D:2      | Slain by Sigmund

Illustrated notes

Levels and vault maps discovered:
D:1:      dpeg_arrival_simpleton_b, layout_loops_ring,
          ebering_ecumenical_altar_sacrificial, kennysheep_crisscross
D:2:      cheibrodos_helix_gallery, layout_loops_ring, serial_shops, shop,
          shop_fountains, nicolae_square_shop, skrybe_limestone_x, uniq_sigmund

Skill      XL: |  1  2  3  4 |
---------------+-------------+-----
Maces & Flails | 3 |  3.0
Shields        | 4 |  4.0
Fighting       | |  3.6
Armour         | |  3.6
Dodging        | |  0.2
Stealth        | |  0.6

Action                   |  1- 3 |  4- 6 || total
-------------------------+-------+-------++-------
Melee: Flail             |   159 |    23 ||   182
  Use: Potion            |       |     1 ||     1
Armor: Scale mail        |   108 |    24 ||   132
Dodge: Dodged            |    81 |     9 ||    90
Block: Kite shield       |   108 |    15 ||   123

Table legend: (Time is in decaauts)
 A = Elapsed time spent in this place.
 B = Non-inter-level travel time spent in this place.
 C = Inter-level travel time spent in this place.
 D = Time resting spent in this place.
 E = Time spent auto-exploring this place.
 F = Levels seen in this place.
 G = Mean time per level.
                   A        B        C        D        E       F      G
               +--------+--------+--------+--------+--------+-----+--------+
         Total |   2040 |   2010 |     30 |    436 |   1074 |   2 | 1020.0 |
       Dungeon |   2040 |   2010 |     30 |    436 |   1074 |   2 | 1020.0 |
               +--------+--------+--------+--------+--------+-----+--------+

Top non-repeatable levels by time:
     D:1: 1628 daAuts
     D:2: 412 daAuts
